 Dungeon Crawl Stone Soup version 0.29-a0-721-g7f417c9bbb (webtiles) character file.

Game seed: 1179047892282913225

176 siradein the Trooper (level 5, 0/44 HPs)
             Began as a Palentonga Fighter on June 28, 2022.
             Slain by an iguana (9 damage)
             ... on level 4 of the Dungeon.
             The game lasted 00:10:15 (3205 turns).

siradein the Trooper (Palentonga Fighter)           Turns: 3205, Time: 00:10:15

Health: 0/44       AC:  9    Str: 28    XL:     5   Next: 30%
Magic:  5/5        EV:  7    Int:  8    God:
Gold:   173        SH:  4    Dex:  9    Spells: 4/4 levels left

rFire   + . .      SeeInvis +   a - +0 flail
rCold   . . .      Faith    .   c - +0 buckler
rNeg    . . .      Spirit   .   e - +0 fire dragon scales
rPois   .          Reflect  .   (no helmet)
rElec   .          Harm     .   j - +0 cloak
rCorr   .          Rampage  .   (no gloves)
Will    .....                   (no barding)
Stlth   ..........              (no amulet)
HPRegen 0.14/turn               m - ring of ice
MPRegen 0.09/turn               o - +6 ring of strength

@: no status effects
A: large, rugged brown scales 3, see invisible, deformed body, roll 1, armoured
tail
a: Rolling Charge


You were on level 4 of the Dungeon.
You visited 1 branch of the dungeon, and saw 4 of its levels.

You collected 173 gold pieces.

Inventory:

Hand Weapons
 a - a +0 flail (weapon)
Missiles
 l - 11 stones (quivered)
Armour
 c - a +0 buckler (worn)
 e - +0 fire dragon scales (worn)
 j - a +0 cloak (worn)
Jewellery
 m - a ring of ice (left hand)
 o - a +6 ring of strength (right hand)
Scrolls
 f - a scroll of amnesia {unknown}
 i - a scroll of enchant armour {unknown}
 k - 3 scrolls of teleportation {unknown}
 p - a scroll of brand weapon {unknown}
 t - a scroll of torment
 u - a scroll of vulnerability {unknown}
 v - a scroll of blinking {unknown}
Potions
 b - a potion of resistance
 d - a potion of might
 g - 2 potions of curing
 h - a potion of brilliance {unknown}
 n - 2 potions of heal wounds
 q - a potion of magic {unknown}
 r - a potion of mutation {unknown}


   Skills:
 + Level 4.0 Fighting
 + Level 3.1 Maces & Flails
 + Level 3.2 Armour
 + Level 3.5 Shields


You had 4 spell levels left.
You didn't know any spells.
Your spell library was empty.

Dungeon Overview and Level Annotations

Branches:
Dungeon (4/15)
 Temple: D:4-7

Altars:

Shops:
D:3 (


Innate Abilities, Weirdness & Mutations

You are completely covered in rugged brown scales. (AC +3, +7% HP)
You have supernaturally acute eyesight. (SInv)
Armour fits poorly on your strangely shaped body.
You can roll at nearby foes to attack.
You have a long armoured tail.


Message History

You see here a quokka corpse.
An iguana comes into view.
The iguana hisses angrily.
An iguana is nearby!
An iguana is nearby!
An iguana is nearby!
You block the iguana's attack.
You closely miss the iguana.
The iguana bites you but does no damage. x2
You closely miss the iguana.
You tail-slap the iguana, but do no damage.
The iguana bites you but does no damage.
You hit the iguana but do no damage.
Your tail-slap misses the iguana.
You block the iguana's attack.
You hit the iguana.
The iguana is moderately wounded.
The iguana barely misses you.
You closely miss the iguana.
The iguana is moderately wounded.
The iguana bites you! x2
You hit the iguana.
The iguana is heavily wounded.
The iguana bites you!
You are too injured to fight recklessly!
You are too injured to fight recklessly!
You are too injured to fight recklessly!
You are too injured to fight recklessly!
You are too injured to fight recklessly!
You hit the iguana but do no damage.
The iguana is heavily wounded.
The iguana barely misses you.
You closely miss the iguana.
The iguana is heavily wounded.
The iguana bites you!
* * * LOW HITPOINT WARNING * * *
The iguana barely misses you.
You barely miss the iguana.
The iguana is heavily wounded.
The iguana bites you!
You die...

#.....#........#
#...<......#####
.##....†.##
##.....## #.......##
##.†......#
##..........#
###...........#
#l@..$........#
#................#
.....####..........#
###. ##........## ..
.......... ..
.......... .
......... .......


You could see an iguana.

Vanquished Creatures
  A vampire bat (D:3)
  A gnoll (D:1)
  5 adders
  3 dart slugs
  An orc (D:4)
  4 endoplasms
  2 giant cockroaches
  9 goblins
  3 hobgoblins
  4 jackals
  4 kobolds
  4 quokkas
  7 ball pythons
  13 bats
  4 frilled lizards
  7 rats
72 creatures vanquished.

Notes
Turn   | Place    | Note
-------+----------+-------------------------------------------
     0 | D:1      | siradein the Palentonga Fighter began the quest for the
                  | Orb.
     0 | D:1      | Reached XP level 1. HP: 19/19 MP: 1/1
   104 | D:1      | Reached XP level 2. HP: 25/25 MP: 2/2
   619 | D:1      | Reached XP level 3. HP: 31/31 MP: 3/3
  1532 | D:2      | Reached XP level 4. HP: 34/37 MP: 4/4
  2510 | D:3      | Found a faded altar of an unknown god.
  2530 | D:3      | Found Aconoy's Antique Weapon Shop.
  2813 | D:3      | Reached XP level 5. HP: 44/44 MP: 5/5
  2827 | D:3      | Reached skill level 4 in Fighting
  3205 | D:4      | Slain by an iguana

Illustrated notes

Levels and vault maps discovered:
D:1:      sevenhm_arrival_forest_fort_small_6, layout_loops_corners,
          minmay_tromino_v4_b
D:2:      layout_basic, chequers_serial_rivers_micro_b,
          amcnicky_mini_corridor_feature, chequers_mini_garden, st_stairs_5,
          minmay_increasing_density
D:3:      layout_loops_ring, serial_shops, nicolae_shop_advertising_works
          [nicolae_subvault_shop_adworks],
          hellmonk_ecumenical_altar_pennies_from_heaven, roderic_batcave,
          minmay_misc_feat_secret_circle
D:4:      layout_rooms, kiku_gazebo_garden_becter, kennysheep_orc_chapel,
          uniq_eustachio, uniq_robin

Skill      XL: |  1  2  3  4  5 |
---------------+----------------+-----
Shields        | 3 |  3.5
Armour         | 3 |  3.2
Maces & Flails | 3 |  3.1
Fighting       | 4 |  4.0

Action                   |  1- 3 |  4- 6 || total
-------------------------+-------+-------++-------
Melee: Flail             |   102 |    97 ||   199
       Tailslap          |    13 |    15 ||    28
Throw: Stone             |     2 |       ||     2
 Abil: Rolling Charge    |     2 |     1 ||     3
  Use: Scroll            |       |     4 ||     4
Armor: Fire dragon scale |    54 |    71 ||   125
       Scale mail        |     2 |       ||     2
Dodge: Dodged            |    33 |    51 ||    84
Block: Buckler           |    19 |    22 ||    41

Table legend: (Time is in decaauts)
 A = Elapsed time spent in this place.
 B = Non-inter-level travel time spent in this place.
 C = Inter-level travel time spent in this place.
 D = Time resting spent in this place.
 E = Time spent auto-exploring this place.
 F = Levels seen in this place.
 G = Mean time per level.
                   A        B        C        D        E       F      G
               +--------+--------+--------+--------+--------+-----+--------+
         Total |   3266 |   3141 |    125 |    191 |   2377 |   4 |  816.5 |
       Dungeon |   3266 |   3141 |    125 |    191 |   2377 |   4 |  816.5 |
               +--------+--------+--------+--------+--------+-----+--------+

Top non-repeatable levels by time:
     D:2: 1310 daAuts
     D:1: 1178 daAuts
     D:3: 688 daAuts
     D:4: 89 daAuts
